HS
PUYALLUP HS VANDALS @ POLY PREP COUNTRY DAY SCHOOL BLUE DEVILS
04/03/2060
 
TOP OF THE 1ST
Puyallup HS Vandals batting - Pitching for Poly Prep Country Day School Blue Devils : LHP Damon Payne
Pitching: LHP Damon Payne
Batting: RHB Cody Dorman 0-0: Ball
1-0: Called Strike
1-1: Foul Ball, location: 2F
1-2: Fly out, F8 (Flyball, 8RM, EV 81.2 MPH)
Batting: SHB Bailey Walker 0-0: Called Strike
0-1: Called Strike
0-2: Ball
1-2: Strikes out swinging
Batting: RHB Skyler Musso 0-0: Ball
1-0: Ground out 6-3 (Groundball, 6MS, EV 84.4 MPH)
Top of the 1st over - 0 runs, 0 hits, 0 errors, 0 left on base; Puyallup HS 0 - Poly Prep Country Day School 0
BOTTOM OF THE 1ST
Poly Prep Country Day School Blue Devils batting - Pitching for Puyallup HS Vandals : RHP Alexander Morin
Pitching: RHP Alexander Morin
Batting: RHB Kevin Joseph 0-0: Ball
1-0: Ball
2-0: Called Strike
2-1: Ball
3-1: Called Strike
3-2: Strikes out swinging
Batting: RHB Ashton Kim 0-0: Foul Ball, location: 2F
0-1: Foul Ball, location: 2F
0-2: Ball
1-2: SINGLE (Line Drive, 8LS, EV 111.9 MPH)
Batting: LHB Lucas Costner 0-0: Ball
1-0: Fly out, F7 (Flyball, 78D, EV 86.9 MPH)
Batting: RHB Kevin Duffie 0-0: Called Strike
0-1: Foul Ball, location: 2F
0-2: Foul Ball, location: 2F
0-2: Ball
1-2: Foul Ball, location: 2F
1-2: Fly out, F9 (Flyball, 9LM, EV 95.6 MPH)
Bottom of the 1st over - 0 runs, 1 hit, 0 errors, 1 left on base; Puyallup HS 0 - Poly Prep Country Day School 0
TOP OF THE 2ND
Puyallup HS Vandals batting - Pitching for Poly Prep Country Day School Blue Devils : LHP Damon Payne
Batting: LHB Alec Boersen 0-0: Ball
1-0: Foul Ball, location: 2F
1-1: Foul Ball, location: 2F
1-2: Ball
2-2: Foul Ball, location: 2F
2-2: Ball
3-2: Ground out U3 (Groundball, 34D, EV 101.9 MPH)
Batting: SHB Avery Moon 0-0: Called Strike
0-1: SINGLE (Line Drive, 9S, EV 87.5 MPH)
Batting: RHB Al Emmett 0-0: Ball
1-0: Foul Ball, location: 2F
1-1: Grounds into double play, 6-4-3 (Groundball, 6, EV 97.5 MPH)
Top of the 2nd over - 0 runs, 1 hit, 0 errors, 0 left on base; Puyallup HS 0 - Poly Prep Country Day School 0
BOTTOM OF THE 2ND
Poly Prep Country Day School Blue Devils batting - Pitching for Puyallup HS Vandals : RHP Alexander Morin
Batting: LHB Vince Moore 0-0: Called Strike
0-1: Ball
1-1: Called Strike
1-2: Ball
2-2: Strikes out looking
Batting: RHB Gavin Higdon 0-0: Swinging Strike
0-1: DOUBLE (Line Drive, 78D, EV 111.2 MPH)
Batting: RHB Kurt Hutchinson 0-0: Foul Ball, location: 2F
0-1: Swinging Strike
0-2: Fly out, F8 (Flyball, 78M, EV 96.9 MPH)
Batting: LHB Joseph Krausse 0-0: Ball
1-0: Ball
2-0: Called Strike
2-1: Called Strike
2-2: Ball
3-2: Foul Ball, location: 2F
3-2: Foul Ball, location: 2F
3-2: Fly out, F7 (Flyball, 7, EV 80.0 MPH)
Bottom of the 2nd over - 0 runs, 1 hit, 0 errors, 1 left on base; Puyallup HS 0 - Poly Prep Country Day School 0
TOP OF THE 3RD
Puyallup HS Vandals batting - Pitching for Poly Prep Country Day School Blue Devils : LHP Damon Payne
Batting: RHB Treshawn Hanchett 0-0: Called Strike
0-1: Swinging Strike
0-2: Ball
1-2: Ball
2-2: Strikes out swinging
Batting: RHB Blake Sparling 0-0: Called Strike
0-1: Ball
1-1: Foul Ball, location: 2F
1-2: Fly out, F7 (Flyball, 7, EV 90.6 MPH)
Batting: RHB David Bowen 0-0: Ball
1-0: Called Strike
1-1: Fly out, F9 (Flyball, 9D, EV 99.4 MPH)
Top of the 3rd over - 0 runs, 0 hits, 0 errors, 0 left on base; Puyallup HS 0 - Poly Prep Country Day School 0
BOTTOM OF THE 3RD
Poly Prep Country Day School Blue Devils batting - Pitching for Puyallup HS Vandals : RHP Alexander Morin
Batting: RHB Eddie Martin 0-0: Ball
1-0: Called Strike
1-1: Fly out, F8 (Flyball, 8RXD, EV 91.2 MPH)
Batting: RHB Kevin Joseph 0-0: Foul Ball, location: 2F
0-1: Ball
1-1: Called Strike
1-2: Ball
2-2: Ball
3-2: Fly out, F8 (Line Drive, 8RM, EV 90.6 MPH)
Batting: RHB Ashton Kim 0-0: Foul Ball, location: 2F
0-1: Foul Ball, location: 2F
0-2: Ball
1-2: Ball
2-2: DOUBLE (Flyball, 89D, EV 101.9 MPH)
Batting: LHB Lucas Costner 0-0: Called Strike
0-1: Swinging Strike
0-2: Strikes out swinging
Bottom of the 3rd over - 0 runs, 1 hit, 0 errors, 1 left on base; Puyallup HS 0 - Poly Prep Country Day School 0
TOP OF THE 4TH
Puyallup HS Vandals batting - Pitching for Poly Prep Country Day School Blue Devils : LHP Damon Payne
Batting: RHB Cody Dorman 0-0: Ball
1-0: Swinging Strike
1-1: Swinging Strike
1-2: Foul Ball, location: 2F
1-2: Ball
2-2: Ground out 4-3 (Groundball, 4, EV 106.9 MPH)
Batting: SHB Bailey Walker 0-0: Called Strike
0-1: Ball
1-1: Ball
2-1: SOLO HOME RUN (Line Drive, 7LD, EV 97.5 MPH), Distance : 362 ft
Batting: RHB Skyler Musso 0-0: Ball
1-0: Ball
2-0: Foul Ball, location: 2F
2-1: Foul Ball, location: 2F
2-2: Ball
3-2: Foul Ball, location: 2F
3-2: Ground out 6-3 (Groundball, 56, EV 85.6 MPH)
Batting: LHB Alec Boersen 0-0: Called Strike
0-1: Foul Ball, location: 2F
0-2: Ball
1-2: Fly out, F9 (Flyball, 89S, EV 88.1 MPH)
Top of the 4th over - 1 run, 1 hit, 0 errors, 0 left on base; Puyallup HS 1 - Poly Prep Country Day School 0
BOTTOM OF THE 4TH
Poly Prep Country Day School Blue Devils batting - Pitching for Puyallup HS Vandals : RHP Alexander Morin
Batting: RHB Kevin Duffie 0-0: Called Strike
0-1: Fly out, F6 (Popup, 4MD, EV 53.1 MPH)
Batting: LHB Vince Moore 0-0: Foul Ball, location: 2F
0-1: Fly out, F5 (Popup, 5SF, EV 71.9 MPH)
Batting: RHB Gavin Higdon 0-0: Fly out, F9 (Flyball, 9LM, EV 86.9 MPH)
Bottom of the 4th over - 0 runs, 0 hits, 0 errors, 0 left on base; Puyallup HS 1 - Poly Prep Country Day School 0
TOP OF THE 5TH
Puyallup HS Vandals batting - Pitching for Poly Prep Country Day School Blue Devils : LHP Damon Payne
Batting: SHB Avery Moon 0-0: Called Strike
0-1: Foul Ball, location: 2F
0-2: Foul Ball, location: 2F
0-2: Fly out, F9 (Flyball, 9, EV 85.0 MPH)
Batting: RHB Al Emmett 0-0: Ground out 1-3 (Groundball, P, EV 68.1 MPH)
Batting: RHB Treshawn Hanchett 0-0: Swinging Strike
0-1: Called Strike
0-2: Ball
1-2: Foul Ball, location: 2F
1-2: Strikes out looking
Top of the 5th over - 0 runs, 0 hits, 0 errors, 0 left on base; Puyallup HS 1 - Poly Prep Country Day School 0
BOTTOM OF THE 5TH
Poly Prep Country Day School Blue Devils batting - Pitching for Puyallup HS Vandals : RHP Alexander Morin
Batting: RHB Kurt Hutchinson 0-0: Ball
1-0: Ball
2-0: SINGLE (Groundball, 6, EV 99.4 MPH)
Batting: LHB Joseph Krausse 0-0: Ball
1-0: Sac Bunt to P - play at first, batter OUT! 1-3
Kurt Hutchinson to second
Pinch Hitting: LHB Chandler Kee 0-0: Ball
1-0: Called Strike
1-1: Ball
2-1: Fly out, F8 (Flyball, 8RM, EV 66.9 MPH)
Batting: RHB Kevin Joseph 0-0: Ball
1-0: Ball
2-0: Ball
3-0: Base on Balls
Batting: RHB Ashton Kim 0-0: Called Strike
0-1: Ball
1-1: Ball
2-1: Ball
3-1: Base on Balls
Kurt Hutchinson to third
Kevin Joseph to second
Pitching: LHP Dustin Crim
Batting: LHB Lucas Costner 0-0: Called Strike
0-1: Ball
1-1: Ball
2-1: Called Strike
2-2: Ball
3-2: Base on Balls
Kurt Hutchinson scores
Kevin Joseph to third
Ashton Kim to second
Batting: RHB Kevin Duffie 0-0: Called Strike
0-1: Swinging Strike
0-2: Strikes out looking
Bottom of the 5th over - 1 run, 1 hit, 0 errors, 3 left on base; Puyallup HS 1 - Poly Prep Country Day School 1
TOP OF THE 6TH
Puyallup HS Vandals batting - Pitching for Poly Prep Country Day School Blue Devils : LHP Damon Payne
Now at SS: Riley Lunney
Batting: RHB Blake Sparling 0-0: Ball
1-0: Ball
2-0: Called Strike
2-1: Ball
3-1: TRIPLE (Flyball, 78D, EV 112.5 MPH)
Batting: RHB David Bowen 0-0: Called Strike
0-1: Swinging Strike
0-2: Ground out 6-3 (Groundball, 6S, EV 65.6 MPH)
Batting: RHB Cody Dorman 0-0: Called Strike
0-1: Swinging Strike
0-2: Ball
1-2: Foul Ball, location: 2F
1-2: Strikes out looking
Batting: SHB Bailey Walker 0-0: Ball
1-0: Called Strike
1-1: Swinging Strike
1-2: SINGLE (Line Drive, 56D, EV 99.4 MPH)
Blake Sparling scores
Pitching: RHP Brady Passen
Batting: RHB Skyler Musso 0-0: Ball
1-0: Called Strike
1-1: Called Strike
1-2: Strikes out swinging
Top of the 6th over - 1 run, 2 hits, 0 errors, 1 left on base; Puyallup HS 2 - Poly Prep Country Day School 1
BOTTOM OF THE 6TH
Poly Prep Country Day School Blue Devils batting - Pitching for Puyallup HS Vandals : LHP Dustin Crim
Batting: LHB Vince Moore 0-0: Ball
1-0: SINGLE (Groundball, 34D, EV 99.4 MPH)
Batting: RHB Gavin Higdon 0-0: Bunt missed!
0-1: Sac Bunt to 15S - play at first, batter OUT! 1-4
Vince Moore to second
Batting: RHB Kurt Hutchinson 0-0: Called Strike
0-1: Ball
1-1: Called Strike
1-2: Ball
2-2: Ball
3-2: Ground out 5-3 (Groundball, 56, EV 107.5 MPH)
Batting: LHB Joseph Krausse 0-0: Ball
1-0: Ball
2-0: Foul Ball, location: 2F
2-1: DOUBLE (Flyball, 78D, EV 88.8 MPH)
Vince Moore scores
Batting: LHB Riley Lunney 0-0: Fly out, F8 (Flyball, 78D, EV 76.9 MPH)
Bottom of the 6th over - 1 run, 2 hits, 0 errors, 1 left on base; Puyallup HS 2 - Poly Prep Country Day School 2
TOP OF THE 7TH
Puyallup HS Vandals batting - Pitching for Poly Prep Country Day School Blue Devils : RHP Brady Passen
Batting: LHB Alec Boersen 0-0: Ball
1-0: Ball
2-0: Called Strike
2-1: Swinging Strike
2-2: Foul Ball, location: 2F
2-2: Foul Ball, location: 2F
2-2: Foul Ball, location: 2F
2-2: SOLO HOME RUN (Flyball, 8LXD, EV 114.4 MPH), Distance : 462 ft
Batting: SHB Avery Moon 0-0: Called Strike
0-1: Ball
1-1: Ball
2-1: Foul Ball, location: 2F
2-2: Fly out, F8 (Flyball, 8RM, EV 78.8 MPH)
Batting: RHB Al Emmett 0-0: Ball
1-0: Called Strike
1-1: Ball
2-1: Called Strike
2-2: Foul Ball, location: 2F
2-2: Strikes out swinging
Batting: RHB Treshawn Hanchett 0-0: Ball
1-0: Ball
2-0: SINGLE (Groundball, 3D, EV 98.1 MPH)
Batting: RHB Blake Sparling 0-0: Ball
Wild Pitch!
Treshawn Hanchett to second
1-0: Ball
2-0: Ball
3-0: Base on Balls
Pinch Runner at 2nd J.R. LaField:
Batting: RHB David Bowen 0-0: Ball
1-0: Ball
2-0: Called Strike
2-1: Fly out, F8 (Flyball, 8LXD, EV 106.9 MPH)
Top of the 7th over - 1 run, 2 hits, 0 errors, 2 left on base; Puyallup HS 3 - Poly Prep Country Day School 2
BOTTOM OF THE 7TH
Poly Prep Country Day School Blue Devils batting - Pitching for Puyallup HS Vandals : LHP Dustin Crim
Now at 1B: Skyler Musso
Now at 3B: Luther Costa
Now in RF: Markel Johnson
Batting: RHB Kevin Joseph 0-0: Called Strike
0-1: Ball
1-1: Ground out 6-3 (Groundball, 56, EV 86.2 MPH)
Batting: RHB Ashton Kim 0-0: Foul Ball, location: 2F
0-1: Ball
1-1: Fly out, F7 (Flyball, 7LSF, EV 91.9 MPH)
Batting: LHB Lucas Costner 0-0: Ball
1-0: SINGLE (Flyball, 8RS, EV 98.1 MPH)
Batting: RHB Kevin Duffie 0-0: Ball
Lucas Costner is caught stealing 2nd base 2-4
Bottom of the 7th over - 0 runs, 1 hit, 0 errors, 0 left on base; Puyallup HS 3 - Poly Prep Country Day School 2
TOP OF THE 8TH
Puyallup HS Vandals batting - Pitching for Poly Prep Country Day School Blue Devils : RHP Brady Passen
Batting: RHB Cody Dorman 0-0: DOUBLE (Line Drive, 9LS, EV 104.4 MPH)
Batting: SHB Bailey Walker 0-0: Ball
Cody Dorman steals 3rd base
1-0: Called Strike
1-1: Fly out, F4 (Popup, 4, EV 57.5 MPH)
Batting: RHB Skyler Musso 0-0: Foul Ball, location: 2F
0-1: SINGLE (Groundball, 34, EV 99.4 MPH)
Cody Dorman scores
Batting: LHB Alec Boersen 0-0: Called Strike
0-1: Ball
1-1: Foul Ball, location: 2F
1-2: Foul Ball, location: 2F
1-2: Foul Ball, location: 2F
1-2: Ball
2-2: Foul Ball, location: 2F
2-2: Foul Ball, location: 2F
2-2: Ball
3-2: Base on Balls
Skyler Musso to second
Pitching: RHP Auston Stretton
Batting: SHB Avery Moon 0-0: Ball
1-0: Ball
2-0: Foul Ball, location: 2F
2-1: Foul Ball, location: 2F
2-2: Foul Ball, location: 2F
2-2: Ball
3-2: Strikes out swinging
Pinch Hitting: RHB Bailey Walter 0-0: Ball
1-0: Called Strike
1-1: Swinging Strike
1-2: Strikes out swinging
Top of the 8th over - 1 run, 2 hits, 0 errors, 2 left on base; Puyallup HS 4 - Poly Prep Country Day School 2
BOTTOM OF THE 8TH
Poly Prep Country Day School Blue Devils batting - Pitching for Puyallup HS Vandals : LHP Dustin Crim
Now in RF: Brian McNiel
Batting: RHB Kevin Duffie 0-0: Ball
1-0: Called Strike
1-1: Swinging Strike
1-2: Hit by Pitch
Batting: LHB Vince Moore 0-0: Ball
1-0: Called Strike
1-1: Ball
2-1: Ball
3-1: Fly out, F8 (Flyball, 78S, EV 88.1 MPH)
Batting: RHB Gavin Higdon 0-0: Called Strike
0-1: Ball
1-1: Ball
2-1: Fly out, F6 (Popup, 6, EV 75.0 MPH)
Batting: RHB Kurt Hutchinson 0-0: Ball
1-0: Ground out 5-3 (Groundball, 5D, EV 106.2 MPH)
Bottom of the 8th over - 0 runs, 0 hits, 0 errors, 1 left on base; Puyallup HS 4 - Poly Prep Country Day School 2
TOP OF THE 9TH
Puyallup HS Vandals batting - Pitching for Poly Prep Country Day School Blue Devils : RHP Auston Stretton
Batting: RHB Luther Costa 0-0: Ball
1-0: Foul Ball, location: 2F
1-1: Called Strike
1-2: Foul Ball, location: 2F
1-2: Foul Ball, location: 2F
1-2: Ball
2-2: Ball
3-2: Ground out 6-3 (Groundball, 6, EV 88.8 MPH)
Batting: RHB Blake Sparling 0-0: Called Strike
0-1: Ball
1-1: Foul Ball, location: 2F
1-2: Ball
2-2: Strikes out swinging
Batting: RHB David Bowen 0-0: Ball
1-0: Ball
2-0: Called Strike
2-1: Ground out 3-1 (Groundball, 34S, EV 86.2 MPH)
Top of the 9th over - 0 runs, 0 hits, 0 errors, 0 left on base; Puyallup HS 4 - Poly Prep Country Day School 2
BOTTOM OF THE 9TH
Poly Prep Country Day School Blue Devils batting - Pitching for Puyallup HS Vandals : LHP Dustin Crim
Pitching: LHP Braden Arceneaux
Pinch Hitting: RHB Karl Luther 0-0: Called Strike
0-1: Foul Ball, location: 2F
0-2: Ball
1-2: Ground out 6-3 (Groundball, 6, EV 88.1 MPH)
Pinch Hitting: RHB Julian Harrison 0-0: Ball
1-0: Ball
2-0: Swinging Strike
2-1: Ball
3-1: Foul Ball, location: 2F
3-2: Strikes out swinging
Batting: RHB Kevin Joseph 0-0: Fly out, F7 (Flyball, 7S, EV 86.2 MPH)
Bottom of the 9th over - 0 runs, 0 hits, 0 errors, 0 left on base; Puyallup HS 4 - Poly Prep Country Day School 2
Thursday, April 25th , 2024 - OOTP Baseball 23.10 Build 110